 Dungeon Crawl Stone Soup version 0.29-a0-297-g7659ce593d (webtiles) character file.

Game seed: 3446871543040126134

294 Dabor the Skirmisher (level 6, 0/39 HPs)
             Began as a Gargoyle Fighter on Mar 21, 2022.
             Slain by a small abomination (6 damage)
             ... on level 1 of the Abyss.
             The game lasted 00:11:09 (3159 turns).

Dabor the Skirmisher (Gargoyle Fighter)             Turns: 3159, Time: 00:11:10

Health: 0/39       AC: 15    Str: 22    XL:     6   Next: 34%
Magic:  6/6        EV:  9    Int:  8    God:
Gold:   132        SH:  5    Dex: 15    Spells: 5/5 levels left

rFire   . . .      SeeInvis .   l - +2 whip (venom)
rCold   . . .      Faith    .   c - +0 buckler
rNeg    + + .      Spirit   .   b - +0 scale mail
rPois   ∞          Reflect  .   p - +1 helmet
rElec   +          Harm     .   (no cloak)
rCorr   .          Rampage  .   (no gloves)
Will    .....                   u - +0 pair of boots
Stlth   ..........              (no amulet)
HPRegen 0.13/turn               n - ring of positive energy
MPRegen 0.10/turn               t - +6 ring of dexterity

@: no status effects
A: sickness immunity, AC +4, negative energy resistance 1, electricity
resistance, torment resistance 1, petrification resistance
a: no special abilities


You were on level 1 of the Abyss.
You visited 1 branch of the dungeon, and saw 3 of its levels.
You visited the Abyss 1 time.

You collected 132 gold pieces.

Inventory:

Hand Weapons
 a - a +0 flail
 e - a +2 vorpal hand axe
 l - a +2 whip of venom (weapon)
Armour
 b - a +0 scale mail (worn)
 c - a +0 buckler (worn)
 p - a +1 helmet (worn)
 u - a +0 pair of boots (worn)
Jewellery
 n - a ring of positive energy (left hand)
 t - a +6 ring of dexterity (right hand)
Scrolls
 g - a scroll of fear
 h - 2 scrolls of noise
 i - 2 scrolls of teleportation
 q - a scroll of magic mapping {unknown}
 r - a scroll of identify
 s - a scroll of acquirement {unknown}
Potions
 d - a potion of might
 f - a potion of curing {unknown}
 j - a potion of mutation {unknown}
 k - a potion of resistance {unknown}
 o - a potion of degeneration {unknown}


   Skills:
 + Level 4.7 Fighting
 + Level 3.5 Maces & Flails
 + Level 4.7 Armour
 + Level 0.6 Dodging
 - Level 4.5 Shields


You had 5 spell levels left.
You didn't know any spells.
Your spell library contained the following spells:

 Spells                   Type           Power      Damage    Failure   Level
 Beastly Appendage        Tmut           0%         N/A       80%         1
 Wereblood                Tmut           0%         N/A       91%         2
 Spider Form              Tmut/Pois      0%         N/A       99%         3


Dungeon Overview and Level Annotations

Branches:
Dungeon (3/15)

Altars:

Annotations:
D:3 Crazy Yiuf


Innate Abilities, Weirdness & Mutations

You are immune to sickness and miasma.
Your stone body is resilient. (AC +4)
You are immune to poison.
You resist negative energy. (rN+)
You are resistant to electric shocks. (rElec)
You are resistant to unholy torment.
You are immune to petrification.


Message History

A small abomination comes into view.
The small abomination hits you but does no damage.
You barely miss the small abomination. The small abomination hits you.
You hit the small abomination but do no damage.
The small abomination barely misses you.
The small abomination hits you.
You hit the small abomination.
The small abomination is lightly damaged.
The small abomination hits you.
You hit the small abomination.
The small abomination is lightly damaged.
The small abomination barely misses you.
You hit the small abomination.
The small abomination is moderately damaged.
The small abomination hits you but does no damage.
You hit the small abomination.
The small abomination is heavily damaged.
The small abomination barely misses you.
You barely miss the small abomination.
The small abomination is heavily damaged.
The small abomination closely misses you.
You hit the small abomination.
The small abomination is heavily damaged.
The small abomination hits you.
You are too injured to fight recklessly!
You are too injured to fight recklessly!
You are too injured to fight recklessly!
You are too injured to fight recklessly!
You are too injured to fight recklessly!
You hit the small abomination.
The small abomination is heavily damaged.
The small abomination hits you!
* * * LOW HITPOINT WARNING * * *
You hit the small abomination.
The small abomination is severely damaged.
The small abomination barely misses you.
You hit the small abomination.
The small abomination is almost destroyed.
The small abomination hits you.
You die...

.. ... #
..## ##.
#.. ..#
##.. #.#
#...##.#
#.x@.#
#.##.##
###


You could see a small abomination.

Vanquished Creatures
  Sigmund (D:2)
  2 wights (Abyss:1)
  An orc wizard (D:3)
  Robin (D:2)
  An adder (D:2)
  2 dart slugs
  5 orcs (D:3)
  2 ball pythons
  6 bats
  4 endoplasms
  15 goblins
  8 hobgoblins
  5 kobolds
  7 quokkas
  4 frilled lizards
  6 rats
70 creatures vanquished.

Notes
Turn   | Place    | Note
-------+----------+-------------------------------------------
     0 | D:1      | Dabor the Gargoyle Fighter began the quest for the Orb.
     0 | D:1      | Reached XP level 1. HP: 14/14 MP: 1/1
   411 | D:1      | Reached XP level 2. HP: 18/19 MP: 2/2
   866 | D:1      | Reached XP level 3. HP: 24/24 MP: 3/3
  1016 | D:2      | Noticed Robin
  1029 | D:2      | Killed Robin
  1359 | D:2      | Noticed Sigmund
  1378 | D:2      | Killed Sigmund
  1379 | D:2      | Reached XP level 4. HP: 21/30 MP: 4/4
  1379 | D:2      | Reached XP level 5. HP: 24/34 MP: 5/5
  1604 | D:2      | Reached XP level 6. HP: 39/39 MP: 6/6
  2411 | D:3      | Found a runed translucent door.
  2412 | D:3      | Noticed Crazy Yiuf
  2945 | D:3      | Cast into level 1 of the Abyss (Crazy Yiuf)
  3159 | Abyss:1  | Slain by a small abomination

Illustrated notes

Levels and vault maps discovered:
D:1:      lemuel_arrival_tunnels, layout_rooms, roderic_lattice_a
D:2:      layout_rooms, chequers_garden, uniq_robin, uniq_sigmund
D:3:      layout_loops_cross, dreamdust_princess_corridor,
          uniq_crazy_yiuf_cottage
Abyss:1:  base:
D:3

Skill      XL: |  1  2  3 |
---------------+----------+-----
Fighting       | 4 |  4.7
Maces & Flails | 3 |  3.5
Armour         | 4 |  4.7
Shields        | 4 |  4.5
Dodging        | |  0.6

Action                   |  1- 3 |  4- 6 || total
-------------------------+-------+-------++-------
Melee: Hand axe          |    40 |       ||    40
       Flail             |     3 |       ||     3
       Whip              |    45 |   143 ||   188
  Use: Scroll            |       |     3 ||     3
       Potion            |       |     2 ||     2
Armor: Scale mail        |    52 |    53 ||   105
Dodge: Dodged            |    34 |    52 ||    86
Block: Buckler           |    26 |    30 ||    56

Table legend: (Time is in decaauts)
 A = Elapsed time spent in this place.
 B = Non-inter-level travel time spent in this place.
 C = Inter-level travel time spent in this place.
 D = Time resting spent in this place.
 E = Time spent auto-exploring this place.
 F = Levels seen in this place.
 G = Mean time per level.
                   A        B        C        D        E       F      G
               +--------+--------+--------+--------+--------+-----+--------+
         Total |   3165 |   2977 |    188 |    252 |   2178 |   4 |  791.2 |
       Dungeon |   2953 |   2765 |    188 |    252 |   2024 |   3 |  984.3 |
         Abyss |    211 |    211 |      0 |      0 |    154 |   1 |  211.0 |
               +--------+--------+--------+--------+--------+-----+--------+

Top non-repeatable levels by time:
     D:1: 1024 daAuts
     D:2: 969 daAuts
     D:3: 959 daAuts
 Abyss:1: 211 daAuts
